Map: Prion Terraces

Players

ShoWTimE - Winner!

  • Race: Protoss Protoss
  • League: Master

LiquidBunny (Bunny)

  • Race: Terran Terran
  • League: Grandmaster

Event: Homestory Cup XII

VOD

Have the link to the VOD?

Description

Time

  • Played on: Dec. 19, 2015, 11:19 a.m.
  • Length: 12:22

All games in this series

Show
View Real Time Build Order
Export as new Build Order

ShoWTimE Protoss - Winner!

Build Orders: 1 Gate Expand, Oracle Opening 

Get SALT Encoding   

  12  0:01  Probe (Chrono Boost)  
  13  0:11  Probe (Chrono Boost)  
  14  0:17  Pylon  
  14  0:22  Probe (Chrono Boost)  
  15  0:36  Probe (Chrono Boost), Gateway  
  15  0:41  Assimilator  
  16  0:46  Probe (Chrono Boost)  
  18  0:57  Probe (Chrono Boost)  
  18  1:07  Probe (Chrono Boost)  
  19  1:22  Nexus  
  19  1:34  Cybernetics Core  
  19  1:36  Probe (Chrono Boost)  
  20  1:43  Assimilator  
  21  1:47  Probe (Chrono Boost)  
  21  1:54  Pylon  
  21  1:57  Probe (Chrono Boost)  
  21  2:11  Mothership Core (Chrono Boost)  
  21  2:12  Adept (Chrono Boost), Warp Gate  
  25  2:29  Probe (Chrono Boost)  
  26  2:33  Probe  
  27  2:39  Adept (Chrono Boost)  
  27  2:41  Probe  
  27  2:43  Probe  
  30  2:51  Stargate  
  31  2:53  Probe  
  31  2:54  Probe  
  33  3:04  Pylon  
  33  3:05  Probe  
  33  3:07  Adept (Chrono Boost)  
  33  3:08  Probe  
  37  3:18  Probe (Chrono Boost)  
  37  3:19  Probe (Chrono Boost)  
  39  3:29  Probe (Chrono Boost)  
  39  3:30  Probe (Chrono Boost)  
  39  3:31  Adept  
  43  3:34  Oracle (Chrono Boost)  
  43  3:40  Probe x2  
  47  3:47  Nexus  
  48  3:50  Probe  
  48  3:53  Probe  
  50  4:01  Probe  
  50  4:02  Pylon  
  51  4:05  Probe  
  51  4:06  Phoenix (Chrono Boost)  
  54  4:13  Probe  
  54  4:22  Probe  
  54  4:24  Probe  
  55  4:25  Gateway  
  55  4:30  Phoenix (Chrono Boost)  
  58  4:31  Gateway  
  58  4:34  Probe  
  58  4:38  Twilight Council  
  59  4:42  Probe, Forge  
  59  4:44  Pylon  
  60  4:46  Probe  
  60  4:51  Assimilator  
  60  4:52  Assimilator  
  61  4:55  Probe  
  61  4:59  Phoenix (Chrono Boost)  
  64  5:01  Probe x2, Pylon  
  64  5:05  Probe, Protoss Ground Weapons Level 1  
  67  5:16  Probe x2  
  67  5:21  Resonating Glaives (Chrono Boost)  
  69  5:25  Gateway  
  69  5:26  Probe  
  69  5:27  Probe, Gateway  
  71  5:28  Probe  
  71  5:29  Gateway  
  71  5:33  Phoenix (Chrono Boost)  
  74  5:37  Probe  
  74  5:39  Probe  
  74  5:40  Probe  
  77  5:43  Robotics Facility  
  77  5:54  Adept x2  
  77  5:55  Adept  
  85  5:57  Phoenix (Chrono Boost)  
  85  5:59  Gateway  
  85  6:00  Gateway  
  85  6:05  Pylon  
  85  6:10  Pylon  
  85  6:15  Adept x3  
  91  6:19  Phoenix (Chrono Boost)  
  91  6:22  Pylon  
  91  6:25  Adept x3  
  99  6:27  Pylon  
  99  6:32  Warp Prism  
  101  6:33  Pylon  
  101  6:38  Sentry  
  103  6:42  Protoss Ground Weapons Level 2  
  103  6:43  Adept  
  103  6:44  Adept  
  107  6:48  Phoenix (Chrono Boost)  
  107  6:50  Adept, Pylon  
  107  6:53  Pylon  
  111  6:57  Pylon  
  111  7:01  Adept x2  
  115  7:05  Adept x2  
  119  7:12  Adept x2  
  119  7:13  Adept  
  125  7:22  Phoenix (Chrono Boost)  
  127  7:26  Pylon  
  127  7:34  Adept x4  
  135  7:43  Probe  
  131  7:45  Probe  
  131  7:48  Probe, Adept x3  
  131  7:50  Assimilator  
  139  7:52  Assimilator  
  139  7:55  Probe  
  140  8:00  Probe  
  140  8:01  Probe  
  140  8:02  Observer  
  140  8:05  Nexus  
  141  8:07  Probe  
  141  8:09  Pylon  
  141  8:10  Probe  
  143  8:13  Probe  
  143  8:19  Probe  
  145  8:21  Probe  
  145  8:25  Probe  
  147  8:32  Adept x3  
  147  8:33  Probe, Adept x5  
  163  8:35  Probe  
  163  8:37  Probe  
  163  8:39  Gateway  
  163  8:40  Gateway  
  158  8:54  Protoss Ground Weapons Level 3  
  136  9:00  Adept  
  136  9:01  Adept x6  
  136  9:02  Adept  
  128  9:03  Immortal  
  100  9:26  Adept x6  
  100  9:27  Adept x2  
  100  9:29  Probe x2  
  100  9:31  Probe, Blink  
  118  9:36  Probe  
  110  9:44  Immortal  
  110  10:00  Adept x6  
  110  10:01  Adept x2  
  110  10:04  Probe  
  127  10:07  Assimilator  
  127  10:08  Assimilator  
  125  10:20  Adept x3  
  125  10:21  Adept x5, Nexus  
  129  10:29  Immortal  
  129  10:33  Pylon  
  133  10:42  Stalker x3  
  139  10:54  Sentry x2, Stalker x2  
  139  10:55  Stalker  
  149  11:05  Pylon  
  149  11:07  Sentry x2  
  149  11:08  Adept  
  155  11:20  Immortal  
  155  11:24  Stalker, Adept x2  
  155  11:25  Adept x2  
  158  11:40  Stalker, Assimilator  
  158  11:41  Stalker x2  
  158  11:43  Assimilator  
  158  11:46  Templar Archives, Adept x4  
  172  11:50  Adept  
  173  12:08  Adept x2  
  173  12:09  Adept x4  
  173  12:11  Stalker x3  
Show
View Real Time Build Order
Export as new Build Order

LiquidBunny Terran 

Build Orders: MMM Bio 

Get SALT Encoding   

  12  0:00  SCV  
  13  0:13  SCV  
  14  0:17  Supply Depot  
  14  0:25  SCV  
  15  0:38  SCV  
  15  0:39  Barracks  
  16  0:43  Refinery  
  16  0:50  SCV  
  17  1:03  SCV  
  18  1:15  SCV  
  19  1:27  Supply Depot, Marine  
  19  1:28  Orbital Command  
  20  1:45  Factory, Marine  
  21  1:53  SCV  
  22  2:05  SCV  
  22  2:07  Marine  
  24  2:14  Command Center  
  24  2:18  SCV  
  25  2:23  Refinery  
  25  2:25  Marine  
  26  2:31  Starport  
  26  2:34  SCV  
  27  2:37  Widow Mine  
  27  2:43  Supply Depot  
  29  2:47  SCV  
  29  2:49  Marine  
  31  3:05  SCV  
  32  3:08  Factory Tech Lab  
  32  3:09  Medivac  
  35  3:17  SCV  
  35  3:21  Barracks Reactor  
  36  3:28  Barracks  
  36  3:30  SCV, Barracks  
  36  3:35  Orbital Command  
  36  3:43  SCV  
  36  3:44  Cyclone  
  40  3:55  SCV  
  41  3:57  Marine  
  41  3:58  Marine  
  41  4:01  SCV  
  44  4:10  SCV  
  44  4:14  Engineering Bay  
  44  4:15  Marine  
  44  4:16  SCV, Marine  
  48  4:22  SCV  
  47  4:30  SCV  
  46  4:32  Marine  
  46  4:34  Marine  
  46  4:35  SCV  
  49  4:41  Barracks Tech Lab x2  
  49  4:42  Terran Infantry Weapons Level 1  
  49  4:44  SCV  
  49  4:45  Siege Tank  
  53  4:49  Missile Turret  
  53  4:50  Missile Turret  
  53  4:51  Supply Depot  
  53  4:54  SCV, Supply Depot  
  54  5:08  Starport Reactor  
  54  5:12  Marine x2  
  54  5:13  SCV x2  
  54  5:14  Stimpack  
  58  5:15  Marauder  
  58  5:16  Marauder  
  58  5:18  Supply Depot  
  62  5:25  Supply Depot, SCV  
  62  5:26  SCV  
  64  5:30  Combat Shields, Marine x2  
  64  5:34  Refinery x2  
  66  5:37  SCV  
  66  5:38  SCV, Marauder  
  70  5:49  SCV  
  71  5:50  SCV  
  71  5:55  Marine x2, Marauder  
  76  5:59  Marauder, Liberator  
  78  6:06  Supply Depot, SCV  
  78  6:07  Command Center  
  78  6:09  Medivac  
  81  6:16  Marine x2  
  86  6:21  Marauder  
  86  6:22  Marauder  
  90  6:25  Supply Depot  
  90  6:34  Marine  
  90  6:35  Marine  
  92  6:42  Marauder  
  92  6:44  Marauder  
  96  6:52  Marine  
  96  6:53  Marine  
  96  6:54  Terran Infantry Armor Level 1  
  98  6:55  Barracks x2  
  98  6:58  SCV  
  99  7:01  Liberator  
  99  7:02  Liberator  
  99  7:03  SCV, Marauder  
  99  7:05  Marauder  
  104  7:10  Marine  
  104  7:11  Marine  
  106  7:16  SCV  
  113  7:24  SCV  
  113  7:25  Marauder  
  113  7:26  Marine  
  113  7:27  Marine  
  113  7:28  SCV  
  113  7:29  Marine  
  120  7:36  SCV  
  121  7:40  SCV  
  122  7:44  Marauder  
  122  7:45  Marine  
  122  7:46  Marauder  
  122  7:47  Marine  
  122  7:50  Barracks Reactor  
  125  7:56  Orbital Command  
  125  8:04  Armory  
  125  8:05  Engineering Bay  
  125  8:10  Liberator  
  125  8:17  SCV  
  125  8:18  Marauder  
  125  8:22  Marine  
  125  8:23  SCV, Supply Depot, Marauder x2  
  131  8:28  Liberator  
  131  8:29  Marine  
  131  8:30  Marine x2  
  133  8:40  SCV  
  133  8:41  Marine  
  133  8:42  SCV  
  133  8:45  Marauder x3  
  135  8:49  Marine x2  
  135  8:52  SCV  
  135  8:54  Marine  
  135  8:55  SCV  
  107  8:59  Marine  
  107  9:01  SCV  
  77  9:06  Marauder, Marine  
  77  9:07  Marine, Marauder x2  
  77  9:09  SCV  
  76  9:10  Medivac  
  76  9:12  Marine  
  65  9:17  Marine  
  65  9:18  Concussive Shells  
  65  9:23  SCV  
  64  9:24  SCV x2, Marine  
  64  9:28  Marauder x3, Medivac  
  71  9:37  SCV  
  67  9:41  SCV  
  62  9:47  Marine x2  
  62  9:49  Marauder x2  
  62  10:00  Marine x3  
  59  10:11  Marine  
  59  10:17  Marine x2  
  57  10:22  SCV x2  
  57  10:25  SCV  
  57  10:27  Marine  
  55  10:29  Marine x2  
  55  10:34  SCV, Marine x2, Orbital Command  
  55  10:35  Marauder, Marine  
  63  10:38  SCV  
  63  10:45  Marine  
  63  10:46  SCV  
  63  10:47  Marine x2  
  64  10:50  SCV  
  64  10:52  Marine x3  
  64  10:56  Marine  
  69  10:58  SCV  
  69  10:59  SCV  
  69  11:02  SCV  
  69  11:03  Marine  
  73  11:04  Marine  
  73  11:06  Marauder  
  73  11:10  SCV, Marine x3  
  80  11:11  SCV  
  80  11:14  Marine  
  80  11:15  Refinery  
  81  11:18  SCV  
  81  11:21  Marine  
  81  11:22  Marine  
  81  11:24  SCV  
  80  11:26  Marine  
  80  11:28  Marine x3  
  80  11:32  Marine  
  80  11:37  SCV x2  
  80  11:38  Marine  
  80  11:40  Marine  
  80  11:44  Marine  
  80  11:45  Missile Turret, Marine  
  80  11:46  Marine  
  84  11:51  Missile Turret  
  84  11:52  Marine  
  85  11:58  Marine  
  85  12:00  Marine  
Tags
 
Add a new tag
Caveats
  • Supply blocks, unpowered buildings, or Contaminate may cause inaccurate times.
  • Supply counts are checked every 10 seconds.